AoeStats
← Efthiron

Arabia

503318184Analyzed
1v1 RM · 1mo ago on Aug 31, 2026· 24m 56s· 2 players
Game mode
Random Map
Map size
Tiny (2 player)
Population
200
Speed
Normal
Resources
Standard
Victory
Conquest
Starting age
Dark Age
Ending age
Imperial Age
RankedLock teamsTeams togetherTeam positionsShared explorationLock speedFull tech treeHidden civsTurbo modeCheats
Victory
Defeat
🇲🇽 Mongols · Mexico
1278
+15
🇦🇺 Magyars · Australia
1250
-15
ConditionZero
6:26 Loom
9:14 Feudal Age
13:10 Horse Collar
21:28 Castle Age
20:12 Scale Mail Armor
20:07 Gold Mining
20:26 Scale Mail Armor
21:15 Double-Bit Axe
21:31 Pikeman
Efthiron
6:16 Loom
8:43 Feudal Age
15:01 Town Watch
17:06 Wheelbarrow
20:49 Castle Age
19:21 Scale Barding Armor
19:46 Bloodlines
20:21 Forging
20:12 Horse Collar
21:33 Double-Bit Axe
Connection lost

Rejoining the realm…

Still unreachable

The connection could not be restored.

Session expired

The server has moved on; the page needs a fresh start.